 Dungeon Crawl Stone Soup version 0.27.1-2-g3b301248ec (webtiles) character file.

Game seed: 13273112239133642807

62 Metae the Skirmisher (level 4, -10/40 HPs)
             Began as a Hill Orc Fighter on Sept 27, 2021.
             Splashed by Ijyb's acid (15 damage)
             ... on level 3 of the Dungeon.
             The game lasted 00:03:09 (2128 turns).

Metae the Skirmisher (Hill Orc Fighter)             Turns: 2128, Time: 00:03:10

Health: -10/40     AC:  7    Str: 19    XL:     4   Next: 8%
Magic:  4/4        EV:  7    Int:  8    God:
Gold:   95         SH:  9    Dex: 10    Spells: 3/3 levels left

rFire    . . .     SeeInvis .   a - +0 war axe
rCold    . . .     Faith    .   c - +0 kite shield
rNeg     + . .     Spirit   .   b - +0 scale mail
rPois    .         Reflect  .   (no helmet)
rElec    .         Harm     .   (no cloak)
rCorr    .         Rampage  .   (no gloves)
Will     .....                  (no boots)
Stlth    ..........             (no amulet)
HPRegen  0.13/turn              j - ring of positive energy
MPRegen  0.09/turn              (no ring)

@: mighty
A: no striking features
a: no special abilities


You were on level 3 of the Dungeon.
You visited 1 branch of the dungeon, and saw 3 of its levels.

You collected 95 gold pieces.

Inventory:

Hand Weapons
 a - a +0 war axe (weapon)
Armour
 b - a +0 scale mail (worn)
 c - a +0 kite shield (worn)
Jewellery
 j - a ring of positive energy (left hand)
Scrolls
 e - a scroll of holy word {unknown}
 f - a scroll of magic mapping {unknown}
 h - 3 scrolls of identify {unknown}
 i - a scroll of enchant armour {unknown}
 m - a scroll of immolation {unknown}
Potions
 g - a potion of heal wounds {unknown}
 k - a potion of flight {unknown}
 l - a potion of curing {unknown}


   Skills:
 + Level 4.2 Fighting
 + Level 3.6 Axes
 + Level 3.8 Armour
 + Level 3.9 Shields


You had 3 spell levels left.
You didn't know any spells.
Your spell library was empty.

Dungeon Overview and Level Annotations

Branches:
Dungeon (3/15)

Altars:

Annotations:
D:3 Ijyb


Message History

The adder skeleton closely misses you.
You hit the adder skeleton but do no damage.
The adder skeleton is severely damaged.
The adder skeleton bites you but does no damage. x2
You hit the adder skeleton.
The adder skeleton is almost destroyed.
The adder skeleton bites you but does no damage.
You block the adder skeleton's attack.
You hit the adder skeleton.
You destroy the adder skeleton!
No target in view!
You see here 17 stones.
Things that are here:
a +0 dagger; a +0 leather armour
Things that are here:
a +0 war axe; a +0 hand axe Done exploring.
Done exploring.
Things that are here:
a +0 war axe; a +0 hand axe
Things that are here:
a +0 dagger; a +0 leather armour
There is a stone staircase leading down here.
There is a stone staircase leading down here.
You climb downwards.
There is a stone staircase leading up here.
Ijyb the Twisted Goblin comes into view.
She is wielding a +0 club and carrying a wand of acid (13).
Found a scroll labelled RIBREUKOMP.
Ijyb shouts!
You closely miss Ijyb. Ijyb hits you with a +0 club.
Ijyb zaps a wand.
The bolt of acid hits you!
You are splashed with acid!
You hit Ijyb but do no damage.
Ijyb zaps a wand.
The bolt of acid misses you. You block Ijyb's attack.
You hit Ijyb but do no damage. Ijyb hits you with a +0 club.
* * * LOW HITPOINT WARNING * * *
You feel very mighty all of a sudden.
Ijyb zaps a wand.
The bolt of acid hits you.
* * * LOW HITPOINT WARNING * * *
You are splashed with acid!
You die...

##..##.#. ........
...... #.##.# ###.##.#
.###### .?....#####.#
..<...#######.#..g.....#
#####...........@#
........#####.####
#######.# #.# #... ..#
#########


You could see Ijyb.

Vanquished Creatures
  An adder skeleton (D:2)
  3 dart slugs (D:2)
  3 orcs (D:2)
  8 ball pythons
  5 endoplasms
  3 giant cockroaches
  4 goblins
  3 hobgoblins
  4 jackals (D:1)
  A quokka (D:1)
  A bat (D:2)
  3 frilled lizards
  4 kobolds
  A rat (D:2)
44 creatures vanquished.

Notes
Turn   | Place    | Note
-------+----------+-------------------------------------------
     0 | D:1      | Metae the Hill Orc Fighter began the quest for the Orb.
     0 | D:1      | Reached XP level 1. HP: 19/19 MP: 1/1
   236 | D:1      | Reached XP level 2. HP: 23/27 MP: 2/2
   399 | D:1      | Found a faded altar of an unknown god.
   524 | D:1      | Reached skill level 4 in Fighting
   529 | D:1      | Reached XP level 3. HP: 33/33 MP: 3/3
  1753 | D:2      | Reached XP level 4. HP: 36/40 MP: 4/4
  2121 | D:3      | Noticed Ijyb
  2128 | D:3      | Splashed by Ijyb's acid

Illustrated notes

Levels and vault maps discovered:
D:1:      dpeg_arrival_lava_temple_mockup, layout_basic,
          hellmonk_ecumenical_altar_dog_temple
D:2:      layout_loops_cross
D:3:      layout_loops_ring, glass_columns_b, uniq_sigmund, uniq_ijyb

Skill      XL: |  1  2 |
---------------+-------+-----
Axes           | 3 |  3.6
Fighting       | 4 |  4.2
Armour         | |  3.8
Shields        | |  3.9

Action                   |  1- 3 |  4- 6 || total
-------------------------+-------+-------++-------
Melee: War axe           |   100 |    10 ||   110
  Use: Potion            |       |     1 ||     1
Armor: Scale mail        |    50 |     6 ||    56
Dodge: Dodged            |    41 |     4 ||    45
Block: Kite shield       |    61 |     4 ||    65
